 Dungeon Crawl Stone Soup version 0.22-a0-348-gd16d139 (webtiles) character file.

61 Auros the Skirmisher (level 3, -1/34 HPs)
             Began as a Minotaur Fighter on Apr 11, 2018.
             Slain by Crazy Yiuf
             ... wielding a +2 quarterstaff of chaos
              (3 damage)
             ... on level 2 of the Dungeon.
             The game lasted 00:08:03 (1381 turns).

Auros the Skirmisher (Minotaur Fighter)             Turns: 1381, Time: 00:08:04

Health: -1/34      AC:  7    Str: 20    XL:     3   Next: 83%
Magic:  2/2        EV:  7    Int:  5    God:
Gold:   70         SH:  9    Dex: 10    Spells: 2/2 levels left

rFire    . . .     SeeInvis .   a - -2 hand axe (curse)
rCold    . . .     Gourm    .   c - +0 shield
rNeg     . . .     Faith    .   b - +0 scale mail
rPois    .         Spirit   .   (helmet restricted)
rElec    .         Reflect  .   (no cloak)
rCorr    .         Harm     .   (no gloves)
MR       .....                  (no boots)
Stlth    ..........             (no amulet)
HPRegen  0.11/turn              (no ring)
MPRegen  0.08/turn              (no ring)

@: lethally poisoned (-1 -> -10), drained
A: retaliatory headbutt, horns 2
a: no special abilities


You were on level 2 of the Dungeon.
You were hungry.

You visited 1 branch of the dungeon, and saw 2 of its levels.

You collected 70 gold pieces.

Inventory:

Hand Weapons
 a - a cursed -2 hand axe (weapon)
 m - a +1 flail
 p - a +0 hunting sling
Missiles
 e - 83 stones (quivered)
 l - 14 poisoned needles
 o - 18 sling bullets
Armour
 b - a +0 scale mail (worn)
 c - a +0 shield (worn)
Scrolls
 h - a scroll of fear
 i - a scroll of identify
 k - a scroll of amnesia
Potions
 d - a potion of might
 g - a potion of heal wounds {unknown}
 j - a potion of haste
Comestibles
 f - 6 rations


   Skills:
 + Level 4.4(4.0) Fighting
 + Level 3.2(2.9) Maces & Flails
 - Level 4.1(3.7) Armour
 + Level 1.3(1.0) Dodging
 - Level 4.0(3.6) Shields


You had 2 spell levels left.
You didn't know any spells.

Dungeon Overview and Level Annotations

Branches:
Dungeon (2/15)

Altars:

Annotations:
D:2 Crazy Yiuf


Innate Abilities, Weirdness & Mutations

You reflexively headbutt those who attack you in melee.
You have a pair of horns on your head.


Message History

Crazy Yiuf hits you with a quarterstaff of chaos.
* * * LOW HITPOINT WARNING * * *
Crazy Yiuf burns you.
* * * LOW HITPOINT WARNING * * *
You hit Crazy Yiuf but do no damage.
Crazy Yiuf is moderately wounded.
Crazy Yiuf laughs, "Gum head toodlewoodle!"
You block Crazy Yiuf's attack.
You closely miss Crazy Yiuf. Your headbutt misses Crazy Yiuf.
Crazy Yiuf is moderately wounded.
You block Crazy Yiuf's attack.
You hit Crazy Yiuf but do no damage.
Crazy Yiuf is moderately wounded.
Crazy Yiuf hits you with a quarterstaff of chaos.
* * * LOW HITPOINT WARNING * * *
You are lethally poisoned!
Crazy Yiuf hits you with a quarterstaff of chaos!
* * * LOW HITPOINT WARNING * * *
Crazy Yiuf burns you.
You die...

.###.#####.#
#........# #..#...#
........##.#
#.##[....###.#.####
...........# #
#####....##.##
.######.####
###......### . #.#
##### #....>.... .
#.# #).)#
#.#....### #.#
#)))# ###.....##
#.# #)g)# #.......#
#.# #@# ###....##
#.# ♣♣)♣ #.#.## #.#
♣)♣♣ #.#.# ♣♣)♣
#.#.# ♣)♣♣
###<#.###### ♣♣)♣♣
#........... ♣)PP♣♣
#...######## ♣P...♣
#.### #....# #.#


You could see Crazy Yiuf.

Vanquished Creatures
  Robin (D:2)
  A gnoll (D:1)
  A worm (D:2)
  2 dart slugs (D:1)
  A leopard gecko (D:2)
  A bat (D:2)
  7 goblins
  7 hobgoblins
  4 jackals
  2 frilled lizards (D:2)
  3 kobolds
  A rat (D:1)
31 creatures vanquished.

Notes
Turn   | Place    | Note
-------+----------+-------------------------------------------
     0 | D:1      | Auros the Minotaur Fighter began the quest for the Orb.
     0 | D:1      | Reached XP level 1. HP: 19/19 MP: 0/0
   241 | D:1      | Reached XP level 2. HP: 27/27 MP: 1/1
   917 | D:2      | Noticed Robin
   921 | D:2      | Reached XP level 3. HP: 33/33 MP: 2/2
   960 | D:2      | Killed Robin
   960 | D:2      | Reached skill level 1 in Dodging
  1322 | D:2      | Found a runed door.
  1371 | D:2      | Noticed Crazy Yiuf
  1381 | D:2      | Slain by Crazy Yiuf

Vault maps used:
D:1:      minmay_arrival_doors, minmay_misc_feat_diagonals
D:2:      uniq_crazy_yiuf_cottage, uniq_jessica, uniq_robin

Skill      XL: |  1  2  3 |
---------------+----------+-----
Fighting       | 4 |  4.4
Shields        | 4 |  4.0
Armour         | 4 |  4.1
Maces & Flails | 3 |  3.2
Dodging        | 1 |  1.3

Action                   || total
-------------------------++-------
Melee: Flail             ||    25
       Headbutt          ||    11
       Hand axe          ||    74
Throw: Stone             ||     4
  Use: Scroll            ||     7
  Eat: Chunk             ||     1
Armor: Scale mail        ||    46
Dodge: Dodged            ||    32
Block: Shield            ||    64

Table legend:
 A = Spawn XP
 B = Non-spawn XP
 C = Spawn XP percentage of total XP
 D = Spawn monster count
 E = Non-spawn monster count
 F = Spawn count percentage of total count
 G = Total turns spent on level
                    A         B        C        D         E        F      G
               +---------+---------+-------+---------+---------+-------+---------
         Total |       0 |      88 |   0.0 |       0 |      31 |   0.0 |  1381
               +---------+---------+-------+---------+---------+-------+---------
           D:1 |       0 |      37 |   0.0 |       0 |      12 |   0.0 |   854
           D:2 |       0 |      51 |   0.0 |       0 |      19 |   0.0 |   527
               +---------+---------+-------+---------+---------+-------+---------
